 Dungeon Crawl Stone Soup version 0.30.1 (webtiles) character file.

Game seed: 479439916832032065

12277 GeoRichter the Cleaver (level 11, -1/91 HPs)
             Began as a Purple Draconian Warper on July 8, 2023.
             Was a Priest of the Shining One.
             Slain by a +1 mace of flaming (6 damage)
             ... in a volcano.
             The game lasted 00:20:40 (11025 turns).

GeoRichter the Cleaver (Purple Draconian Warper)   Turns: 11025, Time: 00:20:40

Health: -1/91      AC: 11    Str: 15    XL:     11   Next: 60%
Magic:  15/22      EV: 11    Int: 16    God:    the Shining One [***...]
Gold:   565        SH: 17    Dex: 11    Spells: 14/25 levels left

rFire   . . .        a - +1 broad axe (flame)
rCold   + + .        I - +2 buckler of Grace {+Blink rC+ rN+}
rNeg    + + .        (body armour unavailable)
rPois   .            (helmet restricted)
rElec   .            y - +0 cloak
rCorr   .            (no gloves)
SInv    .            J - +2 pair of boots
Will    +....        h - amulet of reflection
Stlth   +            f - ring of protection from cold
HPRegen 0.35/turn    u - +4 ring of slaying
MPRegen 0.18/turn

%: reflection
@: divinely shielded, on blink cooldown, glowing, studying Axes
A: breathe power, AC +7, unfitting armour, cold-blooded
a: Breathe Dispelling Energy, Renounce Religion, Evoke Blink, Divine Shield,
Cleansing Flame


You were in a volcano.
You worshipped the Shining One.
The Shining One was most pleased with you.
You visited 2 branches of the dungeon, and saw 10 of its levels.
You also visited: Volcano.

You collected 581 gold pieces.
You donated 16 gold pieces to Zin.

Inventory:

Hand Weapons
 a - a +1 broad axe of flaming (weapon)
   (You took it off Maggie on level 9 of the Dungeon)
 b - a +0 war axe of freezing
   (You took it off an orc on level 3 of the Dungeon)
Missiles
 c - 7 boomerangs of dispersal {!f}
 i - 2 boomerangs
 m - 6 javelins (quivered)
 G - 2 silver javelins
Armour
 x - a +2 kite shield of reflection
   (You acquired it in a volcano)
 y - a +0 cloak (worn)
   (You found it on level 5 of the Dungeon)
 I - the +2 buckler of Grace (worn) {+Blink rC+ rN+}
   (You acquired it on level 1 of the Lair of Beasts)

   rC:        It protects you from cold.
   rN:        It protects you from negative energy.
   +Blink:    It lets you blink.
 J - a +2 pair of boots (worn)
   (You found it on level 9 of the Dungeon)
Jewellery
 f - a ring of protection from cold (left hand)
   (You found it on level 1 of the Dungeon)
 h - an amulet of reflection (around neck)
   (You found it on level 1 of the Dungeon)
 u - a +4 ring of slaying (right hand)
   (You found it on level 4 of the Dungeon)
Wands
 r - a wand of mindburst (18)
   (You took it off Ijyb on level 5 of the Dungeon)
 v - a wand of quicksilver (10)
   (You found it on level 4 of the Dungeon)
 B - a wand of iceblast (1)
   (You found it on level 6 of the Dungeon)
Scrolls
 e - a scroll of poison {!r}
 g - a scroll of immolation {!r}
 j - 2 scrolls of magic mapping
 l - a scroll of silence {unknown}
 o - 2 scrolls of enchant armour
 s - 3 scrolls of teleportation {@r4}
 t - 6 scrolls of blinking
 w - a scroll of noise {!r}
 A - a scroll of vulnerability {unknown}
 F - a scroll of enchant weapon {unknown}
 H - a scroll of amnesia
 K - a scroll of fear
 M - a scroll of identify {@r1}
Potions
 d - 4 potions of curing {@q1}
 k - a potion of attraction {unknown}
 n - a potion of ambrosia {unknown}
 p - 3 potions of mutation {!q}
 q - 2 potions of haste {@q3}
 z - 2 potions of heal wounds {unknown}
 C - 2 potions of cancellation {unknown}
 D - 4 potions of brilliance
 E - 2 potions of flight {unknown}
 L - a potion of might


   Skills:
 - Level 6.4 Fighting
 + Level 14.3 Axes
 - Level 0.8 Throwing
 - Level 2.1 Dodging
 + Level 7.7 Spellcasting
 * Level 10.0 Translocations
 - Level 4.1 Invocations
 - Level 4.8 Evocations


You had 14 spell levels left.
You knew the following spells:

 Your Spells              Type           Power      Damage    Failure   Level
a - Blink                 Tloc           76%        N/A       1%          2
b - Lesser Beckoning      Tloc           76%        N/A       1%          2
c - Teleport Other        Tloc           38%        N/A       1%          3
d - Manifold Assault      Tloc           38%        N/A       2%          4

Your spell library contained the following spells:

 Spells                   Type           Power      Damage    Failure   Level
 Momentum Strike          Conj/Tloc      44%        3d9       3%          2
 Vhi's Electric Charge    Tloc/Air       44%        N/A       6%          3
 Beastly Appendage        Tmut           12%        N/A       16%         1
 Sublimation of Blood     Necr           6%         N/A       24%         2
 Wereblood                Tmut           6%         N/A       24%         2
 Spider Form              Tmut/Pois      6%         N/A       43%         3
 Petrify                  Tmut/Erth      6%         N/A       83%         4
 Metabolic Englaciation   Hex/Ice        3%         N/A       99%         5
 Statue Form              Tmut/Erth      4%         N/A       100%        6
 Summon Hydra             Summ           3%         N/A       100%        7


Dungeon Overview and Level Annotations

Branches:
Dungeon (9/15) Zot: 25541  Temple (0/1) D:7            Lair (1/5) D:8 Zot: 5560
Volcano (1/1) Zot: 5882
    Orc: D:9-12

Altars:
Elyvilon
Kikubaaqudgha
Okawaru
Wu Jian
Yredelemnul
Zin
The Shining One

Annotations:
D:7 2 transporters, Menkaure


Innate Abilities, Weirdness & Mutations

You can breathe bolts of dispelling energy.
Your rich purple scales are hard. (AC +7)
You cannot fit into any form of body armour.
You are cold-blooded and may be slowed by cold attacks.


Message History

The +1 mace of flaming burns you. The +1 mace of flaming hits you.
The +1 mace of flaming burns you. You block the toenail golem's attack.
You fail to use your ability.
The +1 mace of flaming barely misses you.
You block the toenail golem's attack.
You hit the toenail golem but do no damage.
You tail-slap the toenail golem, but do no damage.
The toenail golem is almost destroyed.
You hit the +1 mace of flaming.
You block the +1 mace of flaming's attack.
The +1 mace of flaming closely misses you.
The toenail golem hits you but does no damage.
Your shield is strengthened by the Shining One's divine power.
The +1 mace of flaming hits you! The +1 mace of flaming burns you.
* * * LOW HITPOINT WARNING * * *
You block the toenail golem's attack.
You block the +1 mace of flaming's attack.
You hit the +1 mace of flaming.
Your tail-slap misses the +1 mace of flaming.
The +1 mace of flaming is lightly damaged.
You hit the toenail golem but do no damage.
The +1 mace of flaming hits you!
* * * LOW HITPOINT WARNING * * *
The +1 mace of flaming burns you.
* * * LOW HITPOINT WARNING * * *
You block the toenail golem's attack.
You slice the toenail golem!!
You destroy the toenail golem!
You barely miss the +1 mace of flaming. The +1 mace of flaming hits you!
* * * LOW HITPOINT WARNING * * *
The +1 mace of flaming burns you.
* * * LOW HITPOINT WARNING * * *
The +1 mace of flaming hits you but does no damage.
Your Translocations skill increases to level 10!
Okay, then.
Okay, then.
Your divine shield is renewed.
You block the +1 mace of flaming's attack.
Okay, then.
Casting: Manifold Assault (dangerous; 2% risk of failure)
Confirm with . or Enter, or press ? or * to list all spells.
Okay, then.
Casting: Manifold Assault (dangerous; 2% risk of failure)
Confirm with . or Enter, or press ? or * to list all spells.
You blink.
The air gets thick with the scent of sulphur.
The +1 mace of flaming hits you!
* * * LOW HITPOINT WARNING * * *
The +1 mace of flaming burns you.
You die...

#############
#...........# #
#.#########.# ####
#.#..$!$$)#.# ≈≈≈
#.#$$!)[[[#.# §≈
#.§)(@)$$.#.# #
###########.# #
#.....'....# #
+.∩.######## # #...###
##############'##.##
#.#...#.)....#..#..##
'.#)#####'#+###.+...###
#...............#..≈≈≈≈


You could see a +1 mace of flaming.

Vanquished Creatures
  A two-headed ogre (D:9)
  3 wizards (Volcano)
  A manticore (D:6)
  Joseph (D:8)
  4 toenail golems (Volcano)
  Maggie (D:9)
  2 cane toads
  A komodo dragon (Lair:1)
  A kobold demonologist (D:9)
  4 wyverns
  2 basilisks (D:8)
  6 humans (D:9)
  Eustachio (D:4)
  3 steam dragons
  7 water moccasins
  2 ice beasts
  3 black bears (D:8)
  3 centaurs (D:9)
  2 wolves (D:8)
  A phantom (D:6)
  A gnoll sergeant (D:6)
  3 kobold brigands (D:9)
  Blork the orc (D:4)
  A scorpion (D:6)
  6 bullfrogs
  11 wights
  11 killer bees (D:9)
  A howler monkey (D:5)
  3 jellies
  2 orc priests
  A gnoll bouda (D:7)
  3 hounds
  Ijyb (D:5)
  4 iguanas
  13 orc wizards
  3 sleepcaps
  17 gnolls
  7 adders
  2 shadow imps (D:7)
  A white imp (D:8)
  2 worms (D:2)
  A dart slug (D:5)
  33 orcs
  5 endoplasms
  4 giant cockroaches
  2 goblins
  4 hobgoblins
  8 jackals
  4 quokkas
  7 ball pythons
  3 bats
  3 frilled lizards
  15 kobolds
  2 rats
234 creatures vanquished.

Notes
Turn   | Place    | Note
-------+----------+-------------------------------------------
     0 | D:1      | GeoRichter the Draconian Warper began the quest for the
                  | Orb.
     0 | D:1      | Reached XP level 1. HP: 17/17 MP: 3/3
    88 | D:1      | Found a faded altar of an unknown god.
   186 | D:1      | Reached XP level 2. HP: 20/25 MP: 5/5
   671 | D:2      | Reached skill level 3 in Axes
   843 | D:2      | Reached XP level 3. HP: 22/30 MP: 6/6
  1424 | D:3      | Reached skill level 4 in Axes
  1424 | D:3      | Reached XP level 4. HP: 33/37 MP: 7/7
  1642 | D:3      | Reached skill level 5 in Axes
  1794 | D:3      | Reached XP level 5. HP: 42/42 MP: 8/8
  2151 | D:3      | Found an ornate altar of the Wu Jian Council.
  2160 | D:3      | Found a glowing silver altar of Zin.
  2333 | D:3      | Became a worshipper of Zin the Law-Giver
  2333 | D:3      | Reached * piety under Zin
  2575 | D:4      | Noticed Eustachio
  2592 | D:4      | Found a glowing golden altar of the Shining One.
  2623 | D:4      | Fell from the grace of Zin
  2623 | D:4      | Became a worshipper of the Shining One
  2690 | D:4      | Reached skill level 6 in Axes
  2848 | D:4      | Noticed Blork the orc
  2858 | D:4      | Killed Blork the orc
  2859 | D:4      | Reached XP level 6. HP: 50/50 MP: 9/9
  3177 | D:4      | Killed Eustachio
  3178 | D:4      | Reached skill level 7 in Axes
  3315 | D:5      | Entered Level 5 of the Dungeon
  3316 | D:5      | Noticed Ijyb
  3321 | D:5      | Killed Ijyb
  3359 | D:5      | Your scales start taking on a rich purple colour.
  3359 | D:5      | Reached XP level 7. HP: 53/56 MP: 10/10
  3404 | D:5      | Reached skill level 8 in Axes
  3550 | D:5      | Reached skill level 1 in Invocations
  4547 | D:6      | Noticed a manticore
  4561 | D:6      | Killed a manticore
  4562 | D:6      | Reached skill level 9 in Axes
  4562 | D:6      | Reached XP level 8. HP: 18/67 MP: 11/11
  4884 | D:6      | Reached * piety under the Shining One
  5073 | D:6      | Reached skill level 5 in Fighting
  5239 | D:6      | Reached skill level 10 in Axes
  5606 | D:6      | Reached skill level 1 in Evocations
  5606 | D:6      | Reached XP level 9. HP: 48/74 MP: 12/12
  5904 | D:6      | You fall into a shaft and drop 1 floor!
  6256 | D:7      | Found a basalt altar of Yredelemnul.
  6490 | D:7      | Noticed Menkaure
  6494 | D:7      | Found an ancient bone altar of Kikubaaqudgha.
  6497 | D:7      | Found a transporter.
  6549 | D:7      | Reached ** piety under the Shining One
  6582 | D:7      | Reached skill level 11 in Axes
  6888 | D:7      | Found a transporter.
  7034 | D:7      | Found a staircase to the Ecumenical Temple.
  7564 | D:8      | Noticed Joseph
  7570 | D:8      | Killed Joseph
  7579 | D:8      | Learned a level 2 spell: Blink
  7582 | D:8      | Learned a level 2 spell: Lesser Beckoning
  7829 | D:8      | Found an iron altar of Okawaru.
  7882 | D:8      | Found a white marble altar of Elyvilon.
  8019 | D:8      | Found a staircase to the Lair.
  8055 | D:8      | Reached skill level 5 in Translocations
  8055 | D:8      | Reached XP level 10. HP: 53/84 MP: 15/15
  8150 | D:8      | Learned a level 3 spell: Teleport Other
  8155 | D:8      | Learned a level 4 spell: Manifold Assault
  8427 | D:8      | Reached skill level 12 in Axes
  9000 | D:9      | Noticed a two-headed ogre
  9003 | D:9      | Killed a two-headed ogre
  9004 | D:9      | Reached skill level 5 in Spellcasting
  9006 | D:9      | Noticed Maggie
  9377 | D:9      | Killed Maggie
  9506 | D:9      | Reached skill level 13 in Axes
  9825 | D:9      | Reached *** piety under the Shining One
  9842 | D:9      | Noticed an orange demon
  9843 | D:9      | Reached XP level 11. HP: 90/91 MP: 20/20
 10387 | Lair:1   | Entered Level 1 of the Lair of Beasts
 10525 | Lair:1   | Identified 2 scrolls of acquirement
 10525 | Lair:1   | Acquired the +2 buckler of Grace {+Blink rC+ rN+}
 10821 | Lair:1   | Found a dark tunnel.
 10907 | Volcano  | Entered a volcano
 10915 | Volcano  | Noticed a wizard
 10920 | Volcano  | Killed a wizard
 10928 | Volcano  | Reached skill level 14 in Axes
 10940 | Volcano  | Noticed a wizard
 10944 | Volcano  | Killed a wizard
 10959 | Volcano  | Noticed a wizard
 10962 | Volcano  | Killed a wizard
 10964 | Volcano  | Acquired a +2 kite shield of reflection
 11011 | Volcano  | Noticed a +1 mace of flaming
 11024 | Volcano  | Reached skill level 10 in Translocations
 11025 | Volcano  | Slain by a +1 mace of flaming

Illustrated notes

Levels and vault maps discovered:
D:1:      saegor_arrival_simple_b, layout_loops_ring,
          ebering_ecumenical_altar_abandoned, item_on_display_a
D:2:      layout_loops_cross
D:3:      layout_loops_cross, mainiacjoe_overflow_swirl,
          chequers_serial_rivers_small_b, kennysheep_generic_room_3
D:4:      layout_cave_pods, mainiacjoe_overflow_cross_hatched,
          uniq_blork_the_orc, uniq_eustachio
D:5:      layout_basic, hangedman_glass_teeth, uniq_ijyb
D:6:      layout_gridville, minmay_manual_monstrance
D:7:      layout_layer_cave, gammafunk_temple_of_torment,
          minmay_temple_entry_grid, serial_park_tiny_2
D:8:      layout_basic, mainiacjoe_overflow_catch_the_wave,
          minmay_lair_entry_grove, nrook_mini_vaults, uniq_joseph
D:9:      layout_loops_ring, minmay_ruffians, uniq_maggie
Lair:1:   layout_cave_shapes, nicolae_volcano_entry_s_turn
Volcano:  volcano_bunker

Skill      XL: |  1  2  3  4  5  6  7  8  9 10 11 |
---------------+----------------------------------+-----
Axes           | 3 4 5 6 7 9 10 11 13 14 | 14.3
Fighting       | 4 5 6 |  6.4
Invocations    | 3 4 |  4.1
Evocations     | 1 4 |  4.8
Spellcasting   | 3 6 7 |  7.7
Translocations | 5 8 10 | 10.0
Throwing       | |  0.8
Dodging        | |  2.1

Action                     |  1- 3 |  4- 6 |  7- 9 | 10-12 || total
---------------------------+-------+-------+-------+-------++-------
  Melee: Hand axe          |   123 |       |       |       ||   123
         Tailslap          |    10 |    14 |    31 |    28 ||    83
         War axe           |    12 |   132 |   207 |    81 ||   432
         Punch             |       |     1 |     4 |     2 ||     7
         Broad axe         |       |       |       |   118 ||   118
  Throw: Javelin           |     1 |     4 |     6 |     1 ||    12
   Cast: Manifold Assault  |       |       |       |     6 ||     6
         Blink             |       |       |       |     1 ||     1
 Invoke: Divine Shield     |       |       |     2 |     3 ||     5
  Evoke: Wand              |       |     5 |     6 |     8 ||    19
    Use: Scroll            |       |     2 |     7 |     7 ||    16
         Potion            |       |     1 |     3 |     1 ||     5
   Stab: Sleeping          |     2 |       |       |       ||     2
 Armour: Skin              |    46 |    48 |    48 |    52 ||   194
  Dodge: Dodged            |    85 |    76 |    96 |    79 ||   336
  Block: Other             |    26 |    25 |    47 |    28 ||   126
         Reflection        |       |       |       |     1 ||     1
         Buckler           |       |       |       |    23 ||    23
